 Dungeon Crawl Stone Soup version 0.30-a0-857-gcaf70739d4 (webtiles) character file.

Game seed: 8010826356129899862

2406 bmack86 the Cleaver (level 9, -15/79 HPs)
             Began as a Minotaur Fighter on Mar 5, 2023.
             Was a Follower of Okawaru.
             Demolished by a two-headed ogre
             ... wielding a +0 giant club
              (26 damage)
             ... on level 9 of the Dungeon.
             The game lasted 00:14:21 (5297 turns).

bmack86 the Cleaver (Minotaur Fighter)              Turns: 5297, Time: 00:14:22

Health: -15/79     AC: 15    Str: 26    XL:     9   Next: 23%
Magic:  8/10       EV: 10    Int:  5    God:    Okawaru [*.....]
Gold:   365        SH: 11    Dex:  9    Spells: 8/8 levels left

rFire   . . .      SeeInvis .    a - +2 war axe (spect)
rCold   . . .      Faith    .    j - +0 kite shield
rNeg    . . .      Spirit   .    p - +0 scale mail {Will+}
rPois   .          Reflect  .    (helmet restricted)
rElec   .          Rampage  .    c - +0 cloak
rCorr   .                        y - +0 pair of gloves
Will    +++..                    e - +2 pair of boots
Stlth   +                        (no amulet)
HPRegen 0.33/turn                v - ring of willpower
MPRegen 0.12/turn                B - ring of willpower

@: heroic
A: horns 2, retaliatory headbutt
a: Renounce Religion, Heroism


You were on level 9 of the Dungeon.
You worshipped Okawaru.
Okawaru was aware of your devotion.
You visited 2 branches of the dungeon, and saw 8 of its levels.
You also visited: Sewer.

You collected 365 gold pieces.

Inventory:

Hand Weapons
 a - a +2 spectral war axe (weapon)
Missiles
 r - 8 poisoned darts (quivered)
 w - 3 curare-tipped darts
Armour
 c - a +0 cloak (worn)
 e - a +2 pair of boots (worn)
 j - a +0 kite shield (worn)
 p - a +0 scale mail of willpower (worn)
 y - a +0 pair of gloves (worn)
Jewellery
 v - a ring of willpower (left hand)
 B - a ring of willpower (right hand)
 C - a +6 ring of intelligence
Wands
 x - a wand of iceblast (9)
 E - a wand of paralysis (9)
Scrolls
 i - a scroll of brand weapon
 l - 3 scrolls of fog
 n - 2 scrolls of teleportation
 o - a scroll of immolation
Potions
 b - 4 potions of heal wounds
 d - 3 potions of might
 f - a potion of lignification
 g - a potion of mutation
 h - 3 potions of ambrosia
 k - 3 potions of flight
 m - 2 potions of haste
 q - a potion of cancellation {unknown}
 s - 2 potions of curing
 t - 3 potions of resistance
 u - a potion of brilliance {unknown}
 z - a potion of berserk rage
 A - 2 potions of attraction


   Skills:
 + Level 7.1(12.1) Fighting
 * Level 8.9(13.9) Axes
 + Level 3.1(8.1) Throwing
 + Level 7.1(12.1) Armour
 + Level 7.0(12.0) Shields
 + Level 3.4 Invocations


You had 8 spell levels left.
You didn't know any spells.
Your spell library contained the following spells:

 Spells                   Type           Power      Damage    Failure   Level
 Kiss of Death            Conj/Necr      0%         2d5       91%         1
 Blink                    Tloc           0%         N/A       97%         2
 Lesser Beckoning         Tloc           0%         N/A       97%         2
 Momentum Strike          Conj/Tloc      0%         3d8       97%         2
 Confusing Touch          Hex            0%         N/A       99%         3
 Dispel Undead            Necr           0%         3d6       100%        4


Dungeon Overview and Level Annotations

Branches:
Dungeon (6/15)             Temple (1/1) D:4           Sewer (visited)

Altars:
Ashenzari
Cheibriados
Dithmenos
Elyvilon
Fedhas
Gozag
Hepliaklqana
Kikubaaqudgha
Makhleb
Nemelex Xobeh
Okawaru
Qazlal
Ru
Trog
Uskayaw
Vehumet
Wu Jian
Xom
Yredelemnul
The Shining One

Shops:
D:1 (   D:6 !


Innate Abilities, Weirdness & Mutations

You have a pair of horns on your head.
You reflexively headbutt those who attack you in melee.


Message History

The yak gores you. The yak gores you but does no damage.
You block the yak's attack. x2
An orc warrior comes into view. It is wielding a +0 heavy flail.
The orc warrior shouts!
You hit the yak.
The yak is heavily wounded.
You slash the yak! You hit the yak but do no damage. You hit the yak.
You hear a shout!
The yak gores you but does no damage. You block the yak's attack.
The yak gores you! The yak barely misses you.
You hit the yak. Your headbutt misses the yak.
The yak is heavily wounded.
You completely miss the yak. You slash the yak!
You kill the yak!
Okawaru accepts your kill.
You hit the yak.
Your +2 spectral war axe hits the yak.
The yak gores you but does no damage. You block the yak's attack.
The yak barely misses you.
You hit the yak but do no damage. You headbutt the yak.
The yak is severely wounded.
You hit the yak. You slash the two-headed ogre! You hit the yak.
Your +2 spectral war axe hits the yak!
You slash the yak!
The yak is almost dead.
You slash the two-headed ogre! You hit the yak but do no damage.
You hit the yak. You block the yak's attack.
The yak gores you but does no damage. x2
The two-headed ogre hits you with a +0 giant club!
* * * LOW HITPOINT WARNING * * *
The two-headed ogre hits you with a +0 giant spiked club!
* * * LOW HITPOINT WARNING * * *
An orc comes into view. It is wielding a +4 dagger of venom.
The orc shouts!
You hit the yak but do no damage.
The yak is almost dead.
You slash the two-headed ogre! You hit the yak. x2
The yak gores you but does no damage. The yak closely misses you.
You block the yak's attack. You block the two-headed ogre's attack.
The two-headed ogre hits you with a +0 giant spiked club!!
You die...

...............
..........!....
.............o.
...............
..(.......o....
..<....o.......
#....YYO......
#...Y@# #....(#
##....+ ####....#
........###########.#
#####...............#
#>..............#
#####.....#######
#####.#


You could see a two-headed ogre, 3 yaks, an orc warrior, an orc priest, an orc
and a friendly +2 spectral war axe (summoned).

Vanquished Creatures
  4 yaks
  Menkaure (D:4)
  A water moccasin (Sewer)
  A sky beast (D:6)
  A black bear (D:3)
  An ogre (D:3)
  3 phantoms
  A bullfrog (D:6)
  4 scorpions
  3 hounds
  2 orc priests (D:6)
  Crazy Yiuf (D:3)
  A sleepcap (D:4)
  Ijyb (D:3)
  2 iguanas (D:6)
  Natasha (thrice) (D:2)
  5 orc wizards
  Robin (D:3)
  7 gnolls
  13 adders
  2 river rats (D:5)
  A shadow imp (D:4)
  2 ufetubi
  A worm (D:4)
  11 orcs
  9 ball pythons
  18 bats
  5 endoplasms
  5 giant cockroaches
  13 goblins
  6 hobgoblins
  9 kobolds
  5 quokkas
  A frilled lizard (D:3)
  A rat (D:5)
145 creatures vanquished.

Vanquished Creatures (others)
  2 fungi (D:1)
  2 plants (D:1)
4 creatures vanquished.

Grand Total: 149 creatures vanquished

Notes
Turn   | Place    | Note
-------+----------+-------------------------------------------
     0 | D:1      | bmack86 the Minotaur Fighter began the quest for the Orb.
     0 | D:1      | Reached XP level 1. HP: 19/19 MP: 0/0
    45 | D:1      | Found Nuukk's Weapon Boutique.
   243 | D:1      | Reached XP level 2. HP: 27/27 MP: 1/1
   381 | D:1      | Reached skill level 3 in Axes
   661 | D:1      | Found a faded altar of an unknown god.
   891 | D:2      | Noticed Natasha
   896 | D:2      | Reached XP level 3. HP: 24/33 MP: 2/2
   900 | D:2      | Killed Natasha
   907 | D:2      | Noticed Natasha
   913 | D:2      | Killed Natasha
   914 | D:2      | Reached skill level 4 in Axes
   914 | D:2      | Reached XP level 4. HP: 19/40 MP: 3/3
  1075 | D:2      | Noticed Natasha
  1082 | D:2      | Killed Natasha
  1415 | D:3      | Noticed an ogre
  1426 | D:3      | Killed an ogre
  1427 | D:3      | Reached XP level 5. HP: 8/47 MP: 4/4
  1576 | D:2      | Reached skill level 5 in Axes
  1766 | D:3      | Noticed Robin
  1771 | D:3      | Killed Robin
  1843 | D:3      | Reached XP level 6. HP: 55/55 MP: 5/5
  1872 | D:3      | Reached skill level 5 in Fighting
  1872 | D:3      | Reached skill level 5 in Armour
  1872 | D:3      | Reached skill level 5 in Shields
  2211 | D:3      | Found a runed translucent door.
  2212 | D:3      | Noticed Crazy Yiuf
  2294 | D:3      | Noticed Ijyb
  2301 | D:3      | Killed Ijyb
  2599 | D:3      | Killed Crazy Yiuf
  2733 | D:3      | Reached skill level 6 in Axes
  2733 | D:3      | Reached XP level 7. HP: 61/61 MP: 6/6
  2801 | D:4      | Found a staircase to the Ecumenical Temple.
  2817 | Temple   | Entered the Ecumenical Temple
  3017 | Temple   | Became a worshipper of Warmaster Okawaru
  3268 | D:4      | Noticed Menkaure
  3278 | D:4      | Killed Menkaure
  3452 | D:4      | Reached skill level 1 in Invocations
  4073 | D:5      | Entered Level 5 of the Dungeon
  4097 | D:5      | Reached skill level 7 in Axes
  4140 | D:5      | Found a glowing drain.
  4146 | Sewer    | Entered a sewer
  4188 | Sewer    | Reached skill level 1 in Throwing
  4188 | Sewer    | Reached XP level 8. HP: 56/70 MP: 8/8
  4432 | D:5      | Reached * piety under Okawaru
  4951 | D:6      | Reached skill level 8 in Axes
  4965 | D:6      | Found Imiziuduxo's Distillery.
  4996 | D:6      | Reached XP level 9. HP: 53/78 MP: 6/10
  4997 | D:6      | Reached ** piety under Okawaru
  5276 | D:6      | You fall into a shaft and drop 3 floors!
  5287 | D:9      | Noticed a two-headed ogre
  5297 | D:9      | Demolished by a two-headed ogre

Illustrated notes

Levels and vault maps discovered:
D:1:      lightli_arrival_maybe_door_vault, layout_loops_cross, serial_shops,
          shop, shapermc_ecumenical_altar_acropolis,
          chequers_serial_rivers_micro_e, serial_bayou_pond_c, minmay_unequal
D:2:      layout_rooms, uniq_natasha
D:3:      layout_basic, minivault_23, eino_curves_03, uniq_ijyb,
          uniq_crazy_yiuf_cottage, uniq_robin
D:4:      layout_basic, minmay_temple_entry_glassed_door, uniq_menkaure
D:5:      layout_basic, lightli_sewer_entry_pipes
D:6:      layout_rooms, serial_shops, shop
D:9:      layout_irregular_city, david_orc_3, nicolae_two_hexagons,
          grunt_ministairs_5
Temple:   mainiacjoe_temple_big_plus

Skill      XL: |  1  2  3  4  5  6  7  8  9 |
---------------+----------------------------+-----
Axes           | 3 4 5 6 7 8 |  8.9
Fighting       | 4 5 6 7 |  7.1
Armour         | 4 5 6 7 |  7.1
Shields        | 4 5 6 7 |  7.0
Invocations    | 1 3 |  3.4
Throwing       | 1 2 3 |  3.1

Action                     |  1- 3 |  4- 6 |  7- 9 || total
---------------------------+-------+-------+-------++-------
  Melee: War axe           |    44 |    84 |   138 ||   266
         Headbutt          |     4 |    13 |    21 ||    38
 Invoke: Heroism           |       |       |     2 ||     2
    Use: Scroll            |       |    12 |     6 ||    18
         Potion            |       |     1 |       ||     1
   Stab: Distracted        |       |       |     1 ||     1
 Armour: Scale mail        |    29 |    51 |   108 ||   188
  Dodge: Dodged            |    22 |    34 |    55 ||   111
  Block: Buckler           |     1 |       |       ||     1
         Kite shield       |    18 |    48 |    80 ||   146

Table legend: (Time is in decaauts)
 A = Elapsed time spent in this place.
 B = Non-inter-level travel time spent in this place.
 C = Inter-level travel time spent in this place.
 D = Time resting spent in this place.
 E = Time spent auto-exploring this place.
 F = Levels seen in this place.
 G = Mean time per level.
                   A        B        C        D        E       F      G
               +--------+--------+--------+--------+--------+-----+--------+
         Total |   5450 |   5248 |    202 |    287 |   3466 |   9 |  605.6 |
       Dungeon |   4927 |   4750 |    177 |    287 |   3082 |   7 |  703.9 |
        Temple |    425 |    400 |     25 |      0 |    384 |   1 |  425.0 |
         Sewer |     96 |     96 |      0 |      0 |      0 |   1 |   96.0 |
               +--------+--------+--------+--------+--------+-----+--------+

Top non-repeatable levels by time:
     D:3: 1089 daAuts
     D:4: 918 daAuts
     D:1: 881 daAuts
     D:2: 844 daAuts
     D:5: 826 daAuts
  Temple: 425 daAuts
     D:6: 346 daAuts
   Sewer: 96 daAuts
     D:9: 21 daAuts
